 Dungeon Crawl Stone Soup version 0.29.1 (webtiles) character file.

Game seed: 7887004608361360205

5407 qw the Cleaver (level 10, -3/64 HPs)
             Began as a Gargoyle Fighter on Sept 13, 2022.
             Slain by a troll (12 damage)
             ... on level 10 of the Dungeon.
             The game lasted 00:04:09 (12114 turns).

qw the Cleaver (Gargoyle Fighter)                  Turns: 12114, Time: 00:04:09

Health: -3/64      AC: 19    Str: 25    XL:     10   Next: 67%
Magic:  10/10      EV:  8    Int:  8    God:
Gold:   691        SH:  4    Dex:  9    Spells: 9/9 levels left

rFire   . . .      SeeInvis .   Y - +2 war axe
rCold   + . .      Faith    .   c - +0 buckler
rNeg    + . .      Spirit   .   g - +0 chain mail
rPois   inf        Reflect  .   (no helmet)
rElec   +          Harm     .   (no cloak)
rCorr   .          Rampage  .   p - +0 pair of gloves
Will    .....                   m - +0 pair of boots
Stlth   ..........              (no amulet)
HPRegen 0.20/turn               f - ring of protection from cold
MPRegen 0.12/turn               (no ring)

@: about to teleport
A: sickness immunity, AC +7, negative energy resistance 1, electricity
resistance, torment resistance 1, petrification resistance
a: no special abilities


You were on level 10 of the Dungeon.
You visited 1 branch of the dungeon, and saw 10 of its levels.

You collected 691 gold pieces.


Innate Abilities, Weirdness & Mutations

You are immune to sickness and miasma.
Your stone body is resilient. (AC +7)
You are immune to poison.
You resist negative energy. (rN+)
You are resistant to electric shocks. (rElec)
You are resistant to unholy torment.
You are immune to petrification.


   Skills:
 + Level 8.0 Fighting
 - Level 11.0 Axes
 - Level 2.4 Throwing
 - Level 6.1 Armour
 - Level 3.0 Dodging
 - Level 5.0 Shields


You had 9 spell levels left.
You didn't know any spells.
Your spell library was empty.

Inventory:

Hand Weapons
 j - a +0 flail
 Y - a +2 war axe (weapon)
Missiles
 q - 5 boomerangs (quivered)
Armour
 c - a +0 buckler (worn)
 g - a +0 chain mail (worn)
 m - a +0 pair of boots (worn)
 p - a +0 pair of gloves (worn)
 s - +0 acid dragon scales
Jewellery
 f - a ring of protection from cold (left hand)
 o - a ring of ice
 v - a ring of fire
Wands
 t - a wand of digging (5)
Scrolls
 a - a scroll of identify
 b - 2 scrolls of blinking
 h - a scroll of fog
 w - a scroll of silence {unknown}
Potions
 d - 2 potions of might
 e - 4 potions of haste
 i - 5 potions of curing
 k - a potion of mutation
 n - a potion of attraction
 r - a potion of lignification
 u - 2 potions of heal wounds

Dungeon Overview and Level Annotations

Branches:
Dungeon (10/15)            Temple (0/1) D:5            Lair (0/5) D:10
    Orc: D:9-12

Altars:
Cheibriados
Elyvilon
Gozag
Kikubaaqudgha
Qazlal
Ru
Uskayaw
Vehumet
Wu Jian
Xom
Zin

Annotations:
D:7 1 runed translucent door, Crazy Yiuf


Message History

Throw: 5 boomerangs
Press: ? - help, Q - select action Shift-Dir - straight line, f/p - troll You throw a boomerang.
The boomerang hits the troll.
The troll is lightly wounded.
Throw: 5 boomerangs
Press: ? - help, Q - select action Shift-Dir - straight line, f/p - troll You throw a boomerang.
The boomerang hits the troll.
The troll is lightly wounded.
Throw: 5 boomerangs
Press: ? - help, Q - select action Shift-Dir - straight line, f/p - troll You throw a boomerang.
The boomerang hits the troll.
The troll is lightly wounded.
A kobold comes into view. It is wielding a +0 dagger.
The kobold shouts!
You slash the troll!
The troll is moderately wounded.
The troll bites you! The troll barely misses you. The troll claws you.
A kobold brigand comes into view.
It is wielding a +0 dagger and quivering curare-tipped darts.
You closely miss the troll.
The troll is moderately wounded.
The kobold brigand shouts!
You hear a shout!
The troll bites you. The troll closely misses you.
You block the troll's attack.
You closely miss the troll.
The troll is moderately wounded.
The troll bites you. You block the troll's attack. The troll barely misses you.
The kobold brigand throws a curare-tipped dart.
You block the curare-tipped dart.
You slash the troll!
The troll is heavily wounded.
You block the troll's attack. The troll claws you. The troll claws you!
A kobold comes into view. It is wielding a +0 dagger.
You closely miss the troll.
The troll is heavily wounded.
The troll bites you! The troll claws you but does no damage.
The troll closely misses you.
12114 ||| READING scroll of teleportation.
As you read the scroll of teleportation, it crumbles to dust.
You feel strangely unstable. The troll bites you!
You die...

. .. K. #K##
### #...# #..
#..### #.#
#T@.####.#
###...##.#
###..#.######.#
#...>........#
#.......######
##.......#
.........##
##########.#
#####
#..........####


You could see a troll and 2 kobolds.

Vanquished Creatures
  A death yak (D:10)
  Pikel (D:8)
  An elephant (D:10)
  2 trolls (D:9)
  A wraith (D:9)
  Menkaure (D:7)
  Grum (D:9)
  2 acid dragons
  3 water moccasins
  An orc warrior (D:8)
  A sky beast (D:7)
  3 black bears
  An ice beast (D:6)
  3 wolves (D:9)
  2 centaurs
  2 kobold brigands (D:8)
  A phantom (D:5)
  2 bullfrogs
  A gnoll sergeant (D:8)
  A necrophage (D:7)
  2 scorpions
  2 jellies
  3 killer bees (D:9)
  5 howler monkeys
  A gnoll bouda (D:6)
  2 hounds
  3 orc priests
  4 iguanas
  Natasha (thrice) (D:4)
  4 orc wizards
  20 gnolls
  9 adders
  A shadow imp (D:5)
  A white imp (D:7)
  An ufetubus (D:4)
  3 worms
  4 dart slugs (D:1)
  11 orcs
  6 ball pythons
  A bat zombie (D:3)
  10 endoplasms
  2 giant cockroaches (D:2)
  59 goblins
  35 hobgoblins
  3 jackals (D:3)
  3 quokkas
  3 bats
  4 frilled lizards
  17 kobolds
  7 rats
  A rat zombie (D:3)
261 creatures vanquished.

Notes
Turn   | Place    | Note
-------+----------+-------------------------------------------
     0 | D:1      | qw the Gargoyle Fighter began the quest for the Orb.
     0 | D:1      | Reached XP level 1. HP: 14/14 MP: 1/1
     0 | D:1      | 0 ||| qw: Version: 0.1-a-119-g272c26d
     0 | D:1      | 0 ||| qw: Game counter: 11200
     0 | D:1      | 0 ||| qw: Always use a shield: true
     0 | D:1      | 0 ||| qw: God list: Okawaru
     0 | D:1      | 0 ||| qw: Allow faded altars: false
     0 | D:1      | 0 ||| qw: Do Orc after D:15 true
     0 | D:1      | 0 ||| qw: Do second Lair branch before Depths: true
     0 | D:1      | 0 ||| qw: Lair rune preference: random
     0 | D:1      | 0 ||| qw: Plans: Normal, Zot, God:TSO, Crypt, Tomb, Pan,
                  | Slime, Hells, Zig, Abyss, Orb
     0 | D:1      | 0 ||| PLANNING D:1-11
    20 | D:1      | 20 ||| Stepping ~*~*~tactically~*~*~ (stealth).
    21 | D:1      | 21 ||| Stepping ~*~*~tactically~*~*~ (stealth).
   218 | D:1      | Reached skill level 2 in Axes
   234 | D:1      | Found a faded altar of an unknown god.
   253 | D:1      | Reached XP level 2. HP: 16/19 MP: 2/2
   444 | D:1      | Reached skill level 3 in Axes
   639 | D:1      | Reached XP level 3. HP: 22/23 MP: 3/3
   944 | D:1      | 944 ||| Stepping ~*~*~tactically~*~*~ (hiding).
  1011 | D:1      | 1011 ||| UPGRADING to ring of protection from cold.
  1012 | D:1      | 1012 ||| READING scroll labelled LUKOATAS JAWAE.
  1137 | D:2      | Reached XP level 4. HP: 23/28 MP: 4/4
  1299 | D:2      | Reached skill level 4 in Axes
  1319 | D:2      | Found a hide-covered altar of Uskayaw.
  1371 | D:2      | Identified the +2 robe of Gozag's Benevolence {rPois}
  1556 | D:2      | 1556 ||| UPGRADING to +0 pair of gloves.
  1561 | D:2      | 1561 ||| READING 2 scrolls labelled BUPUMU FIYDU.
  1562 | D:2      | 1562 ||| READING 2 scrolls labelled CEUMUA DITWUNO.
  1563 | D:2      | 1563 ||| READING scroll labelled SUEJIYRHEA.
  1564 | D:2      | 1564 ||| READING scroll labelled VAOPRA OPNUBI.
  1565 | D:2      | 1565 ||| READING scroll labelled MIYNUOGIOM.
  1566 | D:2      | 1566 ||| DRINKING 3 murky inky potions.
  1567 | D:2      | 1567 ||| DRINKING 2 black potions.
  1568 | D:2      | 1568 ||| DROPPING scroll of fear.
  1569 | D:2      | 1569 ||| DROPPING potion of degeneration.
  1683 | D:3      | 1683 ||| DROPPING +0 club.
  1937 | D:3      | Found an ornate altar of the Wu Jian Council.
  2063 | D:3      | Reached XP level 5. HP: 18/32 MP: 5/5
  2286 | D:3      | 2286 ||| Stepping ~*~*~tactically~*~*~ (hiding).
  3024 | D:3      | Found an ancient bone altar of Kikubaaqudgha.
  3126 | D:3      | 3126 ||| UPGRADING to +0 pair of boots.
  3131 | D:3      | 3131 ||| DROPPING orb of guile.
  3132 | D:3      | 3132 ||| READING scroll labelled UTEARO XOSOO.
  3133 | D:3      | 3133 ||| READING scroll labelled CUECWUA QUEMP.
  3190 | D:3      | 3190 ||| READING 2 scrolls of identify.
  3190 | D:3      | 3190 ||| IDENTIFYING metallic white potion
  3237 | D:4      | 3237 ||| STAIRDANCE
  3280 | D:4      | 3280 ||| Stepping ~*~*~tactically~*~*~ (stealth).
  3293 | D:4      | Reached skill level 5 in Axes
  3312 | D:4      | Reached XP level 6. HP: 36/38 MP: 6/6
  3559 | D:4      | Noticed Natasha
  3560 | D:4      | 3560 ||| FLEEEEING.
  3561 | D:4      | 3561 ||| FLEEEEING.
  3565 | D:4      | 3565 ||| FLEEEEING.
  3566 | D:4      | 3566 ||| FLEEEEING.
  3567 | D:4      | 3567 ||| FLEEEEING.
  3568 | D:4      | 3568 ||| FLEEEEING.
  3582 | D:4      | Killed Natasha
  3976 | D:4      | Reached skill level 1 in Dodging
  4046 | D:4      | Found a shimmering altar of Xom.
  4053 | D:4      | Found a snail-covered altar of Cheibriados.
  4459 | D:4      | 4459 ||| Stepping ~*~*~tactically~*~*~ (hiding).
  4460 | D:4      | 4460 ||| Stepping ~*~*~tactically~*~*~ (hiding).
  4461 | D:4      | 4461 ||| Stepping ~*~*~tactically~*~*~ (hiding).
  4695 | D:4      | 4695 ||| READING scroll labelled SEGGIYCSUT.
  4696 | D:4      | 4696 ||| DRINKING 2 glowing cyan potions.
  4697 | D:4      | 4697 ||| READING 3 scrolls of identify.
  4697 | D:4      | 4697 ||| IDENTIFYING orange potion
  4698 | D:4      | 4698 ||| READING 2 scrolls of identify.
  4698 | D:4      | 4698 ||| IDENTIFYING fizzy orange potion
  4699 | D:4      | 4699 ||| DROPPING potion of brilliance.
  4714 | D:4      | Noticed Natasha
  4723 | D:4      | Killed Natasha
  4835 | D:5      | Entered Level 5 of the Dungeon
  4837 | D:5      | 4837 ||| Stepping ~*~*~tactically~*~*~ (hiding).
  4839 | D:5      | Noticed a water moccasin
  4842 | D:5      | Reached skill level 6 in Axes
  4842 | D:5      | Reached XP level 7. HP: 33/44 MP: 7/7
  4868 | D:5      | 4868 ||| FLEEEEING.
  4869 | D:5      | 4869 ||| STAIRDANCE
  5016 | D:5      | 5016 ||| STAIRDANCE
  5042 | D:5      | 5042 ||| STAIRDANCE
  5073 | D:4      | Noticed Natasha
  5083 | D:4      | Killed Natasha
  5101 | D:5      | Reached skill level 7 in Axes
  5229 | D:5      | 5229 ||| Stepping ~*~*~tactically~*~*~ (stealth).
  5264 | D:5      | 5264 ||| Stepping ~*~*~tactically~*~*~ (stealth).
  5342 | D:5      | Found a sacrificial altar of Ru.
  5414 | D:5      | Found a white marble altar of Elyvilon.
  5447 | D:5      | Found a staircase to the Ecumenical Temple.
  5705 | D:5      | 5705 ||| UPGRADING to +0 chain mail.
  5715 | D:5      | 5715 ||| DROPPING +0 scale mail.
  5716 | D:5      | 5716 ||| DROPPING ring of wizardry.
  5717 | D:5      | 5717 ||| READING scroll labelled XOROVI ALOUSKU.
  5728 | D:6      | 5728 ||| STAIRDANCE
  5822 | D:6      | Reached XP level 8. HP: 37/49 MP: 8/8
  5985 | D:6      | 5985 ||| Stepping ~*~*~tactically~*~*~ (hiding).
  6071 | D:6      | You fall into a shaft and drop 1 floor!
  6072 | D:7      | 6072 ||| READING 3 scrolls labelled NOWELA BUHU.
  6073 | D:7      | 6073 ||| DROPPING 2 scrolls of magic mapping.
  6163 | D:6      | Reached skill level 8 in Axes
  6314 | D:6      | Found a stormy altar of Qazlal.
  7070 | D:6      | 7070 ||| Stepping ~*~*~tactically~*~*~ (stealth).
  7088 | D:6      | 7088 ||| FLEEEEING.
  7089 | D:6      | 7089 ||| FLEEEEING.
  7090 | D:6      | 7090 ||| FLEEEEING.
  7091 | D:6      | 7091 ||| FLEEEEING.
  7092 | D:6      | 7092 ||| FLEEEEING.
  7093 | D:6      | 7093 ||| FLEEEEING.
  7094 | D:6      | 7094 ||| FLEEEEING.
  7095 | D:6      | 7095 ||| FLEEEEING.
  7103 | D:6      | 7103 ||| Stepping ~*~*~tactically~*~*~ (hiding).
  7104 | D:6      | 7104 ||| Stepping ~*~*~tactically~*~*~ (hiding).
  7144 | D:6      | 7144 ||| Stepping ~*~*~tactically~*~*~ (hiding).
  7212 | D:6      | Reached skill level 6 in Fighting
  7431 | D:6      | 7431 ||| READING scroll labelled RITHRE HYNLEWOKHIP.
  7450 | D:7      | 7450 ||| STAIRDANCE
  7535 | D:7      | Noticed Menkaure
  7536 | D:7      | 7536 ||| Stepping ~*~*~tactically~*~*~ (hiding).
  7538 | D:7      | 7538 ||| FLEEEEING.
  7539 | D:7      | 7539 ||| FLEEEEING.
  7552 | D:7      | Killed Menkaure
  7553 | D:7      | Reached skill level 9 in Axes
  7707 | D:7      | Found a runed translucent door.
  7707 | D:7      | Noticed Crazy Yiuf
  7772 | D:7      | 7772 ||| Stepping ~*~*~tactically~*~*~ (stealth).
  7777 | D:7      | Reached XP level 9. HP: 44/55 MP: 9/9
  7837 | D:7      | Found a radiant altar of Vehumet.
  8006 | D:7      | Found a glowing silver altar of Zin.
  8376 | D:7      | Found an opulent altar of Gozag.
  8501 | D:7      | 8501 ||| DROPPING ring of flight.
  8502 | D:7      | 8502 ||| DROPPING +6 ring of intelligence.
  8503 | D:7      | 8503 ||| READING 2 scrolls of identify.
  8503 | D:7      | 8503 ||| IDENTIFYING glowing inky potion
  8644 | D:8      | Noticed Pikel
  8645 | D:8      | 8645 ||| Stepping ~*~*~tactically~*~*~ (stealth).
  8662 | D:8      | Killed Pikel
  8663 | D:8      | Reached skill level 6 in Armour
  8800 | D:8      | 8800 ||| Stepping ~*~*~tactically~*~*~ (hiding).
  8807 | D:8      | 8807 ||| Stepping ~*~*~tactically~*~*~ (stealth).
  8812 | D:8      | 8812 ||| Stepping ~*~*~tactically~*~*~ (stealth).
  8884 | D:8      | 8884 ||| FLEEEEING.
  8885 | D:8      | 8885 ||| FLEEEEING.
  8886 | D:8      | 8886 ||| FLEEEEING.
  8887 | D:8      | 8887 ||| FLEEEEING.
  8888 | D:8      | 8888 ||| FLEEEEING.
  8889 | D:8      | 8889 ||| FLEEEEING.
  8890 | D:8      | 8890 ||| FLEEEEING.
  8891 | D:8      | 8891 ||| FLEEEEING.
  8892 | D:8      | 8892 ||| FLEEEEING.
  8896 | D:8      | 8896 ||| FLEEEEING.
  8902 | D:8      | 8902 ||| FLEEEEING.
  8903 | D:8      | 8903 ||| FLEEEEING.
  8904 | D:8      | 8904 ||| FLEEEEING.
  8905 | D:8      | 8905 ||| FLEEEEING.
  8906 | D:8      | 8906 ||| FLEEEEING.
  8911 | D:8      | 8911 ||| FLEEEEING.
  8912 | D:8      | 8912 ||| FLEEEEING.
  8913 | D:8      | 8913 ||| FLEEEEING.
  8914 | D:8      | 8914 ||| STAIRDANCE
  9140 | D:7      | 9140 ||| DROPPING scarf of harm.
  9141 | D:7      | 9141 ||| READING scroll labelled KEID ATOLOWE.
  9267 | D:8      | 9267 ||| Stepping ~*~*~tactically~*~*~ (hiding).
  9283 | D:8      | 9283 ||| FLEEEEING.
  9284 | D:8      | 9284 ||| FLEEEEING.
  9285 | D:8      | 9285 ||| FLEEEEING.
  9286 | D:8      | 9286 ||| FLEEEEING.
  9287 | D:8      | 9287 ||| FLEEEEING.
  9288 | D:8      | 9288 ||| FLEEEEING.
  9289 | D:8      | 9289 ||| FLEEEEING.
  9290 | D:8      | 9290 ||| FLEEEEING.
  9291 | D:8      | 9291 ||| FLEEEEING.
  9292 | D:8      | 9292 ||| FLEEEEING.
  9294 | D:8      | 9294 ||| FLEEEEING.
  9295 | D:8      | 9295 ||| FLEEEEING.
  9296 | D:8      | 9296 ||| FLEEEEING.
  9297 | D:8      | 9297 ||| FLEEEEING.
  9298 | D:8      | 9298 ||| FLEEEEING.
  9299 | D:8      | 9299 ||| FLEEEEING.
  9300 | D:8      | 9300 ||| FLEEEEING.
  9301 | D:8      | 9301 ||| FLEEEEING.
  9316 | D:8      | 9316 ||| FLEEEEING.
  9317 | D:8      | 9317 ||| FLEEEEING.
  9345 | D:8      | 9345 ||| Stepping ~*~*~tactically~*~*~ (hiding).
  9351 | D:8      | HP: 7/57 [orc warrior/+0 war axe (9)]
  9352 | D:8      | 9352 ||| READING 3 scrolls of teleportation.
  9353 | D:8      | 9353 ||| DRINKING potion of heal wounds.
  9718 | D:8      | 9718 ||| Stepping ~*~*~tactically~*~*~ (hiding).
  9727 | D:8      | Reached skill level 10 in Axes
  9979 | D:9      | 9979 ||| Stepping ~*~*~tactically~*~*~ (hiding).
  9986 | D:9      | 9986 ||| Stepping ~*~*~tactically~*~*~ (stealth).
 10080 | D:9      | 10080 ||| Stepping ~*~*~tactically~*~*~ (stealth).
 10081 | D:9      | 10081 ||| Stepping ~*~*~tactically~*~*~ (stealth).
 10093 | D:9      | Found a flagged portal.
 10145 | D:9      | Noticed a troll
 10154 | D:9      | Killed a troll
 10155 | D:9      | Reached XP level 10. HP: 61/63 MP: 10/10
 10446 | D:9      | Noticed Grum
 10457 | D:9      | HP: 13/64 [wolf[Grum] (7)]
 10458 | D:9      | 10458 ||| READING 2 scrolls of teleportation.
 10952 | D:9      | 10952 ||| READING scroll of enchant weapon.
 10952 | D:9      | 10952 ||| ENCHANTING +1 war axe.
 11182 | D:9      | Killed Grum
 11353 | D:9      | 11353 ||| Stepping ~*~*~tactically~*~*~ (stealth).
 11566 | D:9      | 11566 ||| READING scroll labelled RAOJUW QARAIK.
 11567 | D:9      | 11567 ||| READING 2 scrolls of identify.
 11567 | D:9      | 11567 ||| IDENTIFYING cyan potion
 11614 | D:10     | Entered Level 10 of the Dungeon
 11675 | D:10     | 11675 ||| FLEEEEING.
 11681 | D:10     | 11681 ||| FLEEEEING.
 11682 | D:10     | 11682 ||| FLEEEEING.
 11683 | D:10     | 11683 ||| FLEEEEING.
 11684 | D:10     | 11684 ||| FLEEEEING.
 11685 | D:10     | 11685 ||| FLEEEEING.
 11686 | D:10     | 11686 ||| FLEEEEING.
 11687 | D:10     | 11687 ||| FLEEEEING.
 11688 | D:10     | 11688 ||| FLEEEEING.
 11689 | D:10     | 11689 ||| FLEEEEING.
 11690 | D:10     | 11690 ||| FLEEEEING.
 11696 | D:10     | 11696 ||| FLEEEEING.
 11697 | D:10     | 11697 ||| FLEEEEING.
 11698 | D:10     | 11698 ||| FLEEEEING.
 11699 | D:10     | 11699 ||| FLEEEEING.
 11709 | D:10     | 11709 ||| FLEEEEING.
 11710 | D:10     | 11710 ||| FLEEEEING.
 11713 | D:10     | 11713 ||| STAIRDANCE
 11803 | D:10     | Found a staircase to the Lair.
 11803 | D:10     | Noticed an elephant
 11803 | D:10     | Noticed a death yak
 11818 | D:10     | Killed an elephant
 11821 | D:10     | Reached skill level 11 in Axes
 11830 | D:10     | Killed a death yak
 11831 | D:10     | Reached skill level 3 in Dodging
 12113 | D:10     | HP: 9/64 [troll (13)]
 12114 | D:10     | 12114 ||| READING scroll of teleportation.
 12114 | D:10     | Slain by a troll

Levels and vault maps discovered:
D:1:      heliophobic_arrival_henge, layout_basic,
          hellmonk_ecumenical_altar_run_dry
D:2:      layout_rooms, basic_altar
D:3:      cheibrodos_greedy_goblins, layout_basic,
          nicolae_wu_jian_immortal_techniques,
          lemuel_zombie_altar_kikubaaqudgha, hangedman_decor_diamond_cutter,
          wad_floor_pattern_untrapped
D:4:      layout_basic, amethyst_overflow_temple_binary,
          minmay_misc_feat_four_crosses, st_stairs_4, kennysheep_big_empty_room,
          uniq_natasha
D:5:      layout_rooms, mainiacjoe_overflow_brackets,
          nicolae_ru_great_annihilating_truth, minmay_temple_entry_glassed_door
D:6:      minmay_goblin_kobold_castle, layout_basic,
          nicolae_qazlal_scattered_showers
D:7:      layout_basic, pdpol_temple_overflow_zin_treasury_gozag_greed,
          fiery_altar_vehumet, uniq_menkaure, uniq_crazy_yiuf_cottage
D:8:      layout_basic, uniq_pikel
D:9:      layout_irregular_city, enter_bailey_5,
          hangedman_abyss_or_decor_lesser_grid, uniq_grum
D:10:     layout_basic, david_lair_generic, minmay_circle_x

Skill      XL: |  1  2  3  4  5  6  7  8  9 10 |
---------------+-------------------------------+-----
Axes           | 2 3 4 5 6 7 9 10 11 | 11.0
Fighting       | 4 5 6 7 8 |  8.0
Dodging        | 1 3 |  3.0
Armour         | 4 6 |  6.1
Shields        | 4 5 |  5.0
Throwing       | 2 |  2.4

Action                   |  1- 3 |  4- 6 |  7- 9 | 10-12 || total
-------------------------+-------+-------+-------+-------++-------
Melee: War axe           |    85 |   226 |   379 |    83 ||   773
Throw: Boomerang         |       |       |    11 |    15 ||    26
  Use: Scroll            |     1 |    11 |     6 |     5 ||    23
       Potion            |       |     3 |     1 |       ||     4
Armor: Scale mail        |    43 |   123 |    49 |       ||   215
       Chain mail        |       |       |   234 |    62 ||   296
Dodge: Dodged            |    41 |    96 |   188 |    58 ||   383
Block: Buckler           |    17 |    50 |    78 |    24 ||   169

Table legend:
 A = Non-vault XP
 B = Vault XP
 C = Vault XP percentage of total XP
 D = Non-vault monster count
 E = Vault monster count
 F = Vault count percentage of total count
                 A         B        C        D         E       F
            +---------+---------+-------+---------+---------+-------
      Total |    4456 |    3269 |  42.3 |     156 |     105 |  40.2
            +---------+---------+-------+---------+---------+-------
        D:1 |      49 |       0 |   0.0 |      24 |       0 |   0.0
        D:2 |      57 |       0 |   0.0 |      14 |       0 |   0.0
        D:3 |      72 |      23 |  24.2 |      25 |      14 |  35.9
        D:4 |     355 |      71 |  16.7 |      19 |       3 |  13.6
        D:5 |     524 |      40 |   7.1 |      14 |       4 |  22.2
        D:6 |     377 |     273 |  42.0 |       8 |      70 |  89.7
        D:7 |     713 |     175 |  19.7 |      14 |       1 |   6.7
        D:8 |     858 |     651 |  43.1 |      24 |       1 |   4.0
        D:9 |    1306 |     539 |  29.2 |      13 |       8 |  38.1
       D:10 |     145 |    1497 |  91.2 |       1 |       4 |  80.0
            +---------+---------+-------+---------+---------+-------
